Map: Abyssal Reef LE

Players

Juxtapose

  • Race: Zerg Zerg
  • Spawn Location: 11:00

A.I. 1 (Elite) - Winner!

  • Race: Zerg Zerg
  • Spawn Location: 5:00

VOD

https://youtu.be/gnJEbSihvRw

Description

I haven't played competitive StarCraft II: Legacy of the Void properly for a month. Back at that point after a patch an issue where the game would regularly disconnect and then reconnect to Battle.net cropped up, so I stopped and started playing other things while that got resolved.

That's all been fixed for a few weeks now, so I've decided to get back into it. Since I am rusty, I continued playing against Versus AI, something I haven't done since early May. I left off ready to tackle my first match against the Elite AI, and this is that first match.

And I am indeed rusty, and made many, many mistakes, but I am quite proud of my Creep spread; might be the best at that I've ever done.

Realistically though, I should have gone Roaches and Ravagers at first instead of Zerglings and Banelings. Too used to Unranked where that's that Zerg players do.

Time

  • Played on: July 7, 2017, 10:50 p.m.
  • Length: 11:48
Show
View Real Time Build Order
Export as new Build Order

Juxtapose Zerg 

Build Orders: Pool First 

Get SALT Encoding   

  12  0:01  Drone  
  13  0:11  Drone  
  14  0:17  Overlord  
  14  0:37  Drone x2  
  14  0:39  Overlord  
  16  0:50  Drone  
  16  0:56  Spawning Pool  
  16  0:59  Drone  
  17  1:09  Drone  
  18  1:16  Extractor  
  17  1:20  Drone  
  18  1:31  Drone  
  19  1:42  Drone  
  19  1:43  Queen  
  22  2:00  Zergling x2  
  23  2:01  Hatchery  
  23  2:06  Zergling x2  
  23  2:18  Metabolic Boost  
  23  2:20  Zergling x2  
  24  2:33  Extractor  
  24  2:34  Drone  
  24  2:44  Queen  
  24  2:48  Drone  
  24  2:49  Drone  
  28  2:59  Drone  
  28  3:00  Drone  
  30  3:07  Overlord  
  30  3:16  Drone  
  30  3:17  Queen  
  33  3:40  Drone x2  
  35  3:44  Spine Crawler  
  35  3:47  Queen  
  36  3:52  Queen  
  38  3:56  Baneling Nest, Zergling x6  
  38  3:57  Zergling x4  
  42  4:09  Drone x2  
  44  4:11  Overlord x2  
  44  4:31  Drone x3  
  44  4:32  Drone x5  
  52  4:45  Lair  
  52  4:51  Zergling x4  
  52  4:52  Zergling x6  
  57  5:10  Drone x2  
  57  5:12  Extractor  
  58  5:15  Drone, Extractor  
  58  5:24  Zergling x2  
  58  5:25  Zergling x2  
  58  5:26  Overlord x2  
  60  5:32  Evolution Chamber  
  60  5:34  Drone  
  60  5:41  Burrow  
  60  5:50  Baneling x3  
  60  5:51  Baneling  
  60  6:04  Baneling x4  
  60  6:05  Baneling x2  
  60  6:10  Zerg Melee Weapons Level 1  
  60  6:11  Drone x2  
  60  6:12  Drone  
  63  6:19  Spire  
  63  6:20  Drone x2  
  63  6:21  Drone  
  63  6:24  Overlord  
  65  6:28  Overseer  
  65  6:43  Hatchery  
  64  6:59  Pneumatized Carapace  
  64  7:09  Drone x2  
  64  7:11  Drone  
  64  7:12  Drone x3  
  70  7:32  Mutalisk x4  
  70  7:33  Mutalisk x3  
  70  7:36  Zerg Flyer Armor Level 1  
  84  7:37  Overlord  
  84  8:08  Mutalisk x4  
  84  8:09  Mutalisk x3  
  84  8:12  Overlord x3  
  75  8:51  Zergling x6  
  75  8:52  Zergling x16  
  75  8:53  Zergling x2  
  85  9:19  Hatchery  
  85  9:23  Queen  
  86  9:30  Zerg Flyer Weapons Level 1  
  86  9:32  Zergling x10  
  86  9:33  Zergling x2  
  92  9:42  Overseer x2  
  92  9:50  Zerg Ground Armor Level 1  
  79  10:28  Infestation Pit  
  79  10:34  Zergling x10  
  79  10:35  Zergling x8  
  87  10:47  Drone x3  
  87  10:48  Drone  
  91  10:57  Zergling x12  
  55  11:18  Zergling x2  
  55  11:19  Zergling x10  
Show
View Real Time Build Order
Export as new Build Order

A.I. 1 (Elite) Zerg - Winner!

Build Orders: Pool First 

Get SALT Encoding   

  12  0:00  Drone  
  13  0:12  Overlord  
  13  0:17  Drone  
  14  0:31  Drone x2  
  16  0:42  Spawning Pool  
  15  0:45  Drone  
  15  0:49  Drone  
  17  1:13  Hatchery  
  17  1:14  Drone  
  17  1:18  Extractor  
  16  1:20  Drone  
  16  1:24  Drone  
  18  1:28  Drone  
  19  1:38  Overlord  
  19  1:49  Drone  
  19  1:51  Queen  
  22  2:00  Zergling x2  
  23  2:11  Drone  
  24  2:21  Drone  
  25  2:27  Queen  
  25  2:28  Roach Warren  
  26  2:34  Drone  
  27  2:38  Extractor  
  27  2:41  Drone  
  27  2:48  Overlord  
  27  2:52  Drone  
  27  2:55  Drone  
  27  2:58  Drone  
  30  3:01  Drone  
  30  3:04  Drone  
  32  3:07  Zergling x2  
  32  3:12  Zergling x2  
  34  3:16  Roach  
  36  3:20  Roach  
  36  3:24  Roach  
  40  3:28  Roach  
  40  3:30  Drone  
  40  3:33  Drone  
  44  3:38  Overlord  
  44  3:46  Lair  
  44  3:49  Metabolic Boost  
  44  3:54  Overlord  
  44  3:57  Drone  
  44  3:59  Drone  
  44  4:01  Drone  
  47  4:03  Zergling x2  
  47  4:06  Zergling x2  
  47  4:08  Zergling x2  
  49  4:10  Zergling x2  
  50  4:17  Evolution Chamber, Drone  
  50  4:22  Evolution Chamber  
  50  4:23  Drone  
  50  4:25  Drone  
  50  4:27  Drone  
  50  4:29  Drone  
  53  4:32  Drone  
  54  4:44  Zerg Missile Weapons Level 1  
  54  4:47  Zerg Ground Armor Level 1  
  54  4:48  Hydralisk Den  
  54  4:49  Drone  
  54  4:51  Overlord  
  54  4:54  Roach  
  54  4:57  Roach  
  58  5:09  Overlord, Drone, Extractor  
  58  5:10  Drone x2  
  58  5:12  Drone  
  61  5:14  Drone  
  61  5:16  Drone  
  61  5:18  Drone  
  61  5:19  Hydralisk  
  61  5:20  Drone  
  67  5:27  Hydralisk, Drone  
  70  5:28  Overlord  
  70  5:33  Hydralisk  
  72  5:35  Hydralisk  
  72  5:37  Drone  
  75  5:46  Drone  
  75  5:48  Overlord  
  75  5:49  Drone, Infestation Pit  
  76  5:51  Drone  
  76  5:53  Drone  
  76  5:54  Drone  
  76  5:56  Drone  
  80  6:06  Overlord, Roach  
  80  6:08  Roach  
  84  6:14  Evolution Chamber  
  84  6:15  Drone  
  84  6:18  Ravager  
  85  6:21  Roach, Extractor  
  85  6:23  Hatchery  
  85  6:24  Drone  
  86  6:25  Infestor  
  86  6:26  Drone  
  86  6:28  Overlord  
  89  6:38  Zerg Melee Weapons Level 1  
  89  6:40  Infestor  
  89  6:43  Drone x2  
  93  6:49  Ravager  
  93  6:51  Overlord, Roach  
  96  6:55  Hydralisk  
  96  7:00  Hydralisk  
  100  7:05  Hydralisk  
  102  7:14  Hydralisk, Overlord  
  104  7:27  Spine Crawler  
  104  7:28  Infestor  
  104  7:29  Spine Crawler  
  104  7:30  Drone  
  104  7:35  Drone x3  
  104  7:36  Drone x4  
  104  7:37  Drone  
  113  7:38  Overseer  
  113  7:44  Drone x3, Extractor  
  114  7:45  Overlord, Drone  
  114  7:47  Infestor  
  114  7:48  Drone x2  
  114  7:50  Extractor, Hatchery  
  118  7:56  Drone x2  
  120  7:58  Overseer, Drone  
  120  8:01  Unknown  
  120  8:04  Zerg Missile Weapons Level 2  
  121  8:07  Overlord, Drone  
  121  8:09  Drone  
  123  8:15  Drone x2, Roach  
  123  8:17  Drone  
  123  8:19  Drone x3  
  131  8:20  Drone  
  131  8:21  Drone, Zerg Ground Armor Level 2  
  133  8:28  Overlord  
  133  8:30  Pathogen Glands  
  129  8:42  Zergling x2  
  129  8:44  Spire  
  116  8:52  Hydralisk  
  116  8:54  Roach  
  109  8:56  Roach  
  109  8:58  Roach  
  109  9:00  Spore Crawler  
  109  9:01  Roach x2  
  109  9:02  Drone, Spore Crawler, Zergling x2  
  106  9:03  Drone x2, Roach  
  106  9:08  Extractor  
  106  9:09  Drone  
  109  9:10  Extractor  
  109  9:11  Drone  
  109  9:18  Hydralisk  
  109  9:21  Hydralisk  
  109  9:22  Ravager  
  109  9:23  Roach, Queen  
  118  9:28  Ravager, Queen  
  118  9:29  Overlord  
  118  9:30  Roach  
  123  9:32  Hydralisk, Overseer  
  123  9:35  Hydralisk  
  127  9:43  Infestor  
  129  9:46  Spine Crawler  
  129  9:47  Drone, Spine Crawler  
  129  9:48  Drone  
  129  9:50  Overlord, Infestor  
  129  9:52  Roach  
  133  9:57  Corruptor  
  133  9:58  Baneling Nest, Drone x2, Mutalisk  
  133  9:59  Drone x6  
  135  10:00  Drone x2  
  135  10:01  Mutalisk  
  135  10:03  Zergling x2  
  135  10:05  Drone  
  136  10:08  Drone  
  136  10:10  Mutalisk  
  136  10:13  Mutalisk  
  141  10:15  Overlord  
  141  10:18  Mutalisk  
  143  10:21  Mutalisk  
  143  10:26  Corruptor  
  147  10:31  Corruptor  
  147  10:34  Overlord  
  149  10:36  Corruptor  
  149  10:40  Corruptor  
  153  10:45  Corruptor  
  153  10:47  Hydralisk  
  157  10:54  Overlord, Zergling x2  
  157  10:59  Zergling x2  
  153  11:08  Hydralisk  
  151  11:11  Roach x2  
  151  11:13  Baneling, Zergling x2  
  151  11:14  Baneling  
  152  11:19  Roach, Spore Crawler  
  152  11:21  Drone  
  152  11:23  Spore Crawler  
  152  11:24  Drone  
  154  11:26  Spine Crawler  
  154  11:27  Drone  
  154  11:29  Spine Crawler  
  154  11:31  Drone  
  154  11:35  Spine Crawler  
  154  11:37  Spore Crawler  
  154  11:42  Spine Crawler  
  154  11:45  Spore Crawler  
  154  11:46  Hatchery  
Tags
 
Add a new tag
Caveats
  • Supply blocks, unpowered buildings, or Contaminate may cause inaccurate times.
  • Supply counts are checked every 10 seconds.